 Dungeon Sprint DCSS version 0.29-a0-563-g64e4043184 (webtiles) character file.

Game seed: 7451361099946513006

2000000 mhtbhm the Axe Maniac (level 16, -49/183 HPs)
             Began as a Minotaur Berserker on June 11, 2022.
             Was a High Priest of Trog.
             Annihilated by a meat berserker
             ... wielding a +9 battleaxe
              (93 damage)
             ... in the Dungeon (Sprint VIII: "Arena of Blood").
             The game lasted 00:00:44 (20 turns).

mhtbhm the Axe Maniac (Minotaur Berserker)            Turns: 20, Time: 00:00:45

Health: -49/183    AC:  4    Str: 26    XL:     16   Next: 82%
Magic:  15/20      EV: 26    Int:  4    God:    Trog [*****.]
Gold:   0          SH:  0    Dex: 14    Spells: 15/15 levels left

rFire   . . .      SeeInvis .   a - +∞ Axe of Woe
rCold   . . .      Faith    .   (shield currently unavailable)
rNeg    . . .      Spirit   .   b - +0 animal skin
rPois   .          Reflect  .   (helmet restricted)
rElec   .          Harm     .   (no cloak)
rCorr   .          Rampage  .   (no gloves)
Will    +....      NoTele   +   (no boots)
Stlth   +++.......              (no amulet)
HPRegen 0.40/turn               i - +30 ring of slaying
MPRegen 0.17/turn               (no ring)

@: no status effects
A: horns 2, retaliatory headbutt
a: Renounce Religion, Berserk, Trog's Hand, Brothers in Arms


You were in the Dungeon.
You worshipped Trog.
Trog was extremely pleased with you.
You visited 1 branch

Inventory:

Hand Weapons
 a - the +∞ Axe of Woe (weapon)
   (You found it in the Dungeon)
Armour
 b - a +0 animal skin (worn)
Jewellery
 i - a +30 ring of slaying (left hand)
Scrolls
 h - a scroll of blinking
Potions
 c - a potion of curing
 d - a potion of heal wounds
 e - a potion of haste
 f - 2 potions of magic
 g - a potion of berserk rage


   Skills:
 O Level 27 Fighting
 + Level 9.0(10.7) Short Blades
 + Level 9.8(11.6) Long Blades
 O Level 27 Axes
 + Level 9.2(20.5) Maces & Flails
 + Level 9.2(20.5) Polearms
 + Level 9.2(12.3) Staves
 + Level 8.4(10.0) Slings
 + Level 8.4 Bows
 + Level 8.4 Crossbows
 + Level 7.7(9.2) Throwing
 O Level 27 Armour
 O Level 27 Dodging
 + Level 7.0 Stealth
 + Level 9.2 Shields
 + Level 8.4 Unarmed Combat
 + Level 7.7 Invocations
 + Level 7.0 Evocations


You had 15 spell levels left.
You didn't know any spells.
Your spell library was empty.

Dungeon Overview and Level Annotations

Branches:
Dungeon (1/1)

Altars:
Makhleb


Innate Abilities, Weirdness & Mutations

You have a pair of horns on your head.
You reflexively headbutt those who attack you in melee.


Message History

Your base Throwing skill gained 6 levels and is now at level 6!
Your Stealth skill gained 5 levels and is now at level 5!
Your Shields skill gained 7 levels and is now at level 7!
Your Unarmed Combat skill gained 7 levels and is now at level 7!
Your Invocations skill gained 6 levels and is now at level 6!
Your Evocations skill gained 5 levels and is now at level 5!
Unknown command.
Unknown command.
Unknown command.
You slice the bag of meat!!
You hew the bag of meat savagely.
You kill the bag of meat!
Trog accepts your kill.
You open the bag of meat like a pillowcase!!!
You slaughter the bag of meat joyfully.
You kill the bag of meat!
Trog accepts your kill.
You hear a shout! x4
A bag of meat comes into view. It is wielding a +9 war axe.
You hear a shout! x5
Your base Short Blades skill gained 2 levels and is now at level 9!
Your base Long Blades skill increases to level 9!
Your base Maces & Flails skill gained 2 levels and is now at level 9!
Your base Polearms skill gained 2 levels and is now at level 9!
Your base Staves skill gained 2 levels and is now at level 9!
Your base Slings skill increases to level 8!
Your Bows skill increases to level 8!
Your Crossbows skill increases to level 8!
Your base Throwing skill increases to level 7!
Your Stealth skill gained 2 levels and is now at level 7!
Your Shields skill gained 2 levels and is now at level 9!
Your Unarmed Combat skill increases to level 8!
Your Invocations skill increases to level 7!
Your Evocations skill gained 2 levels and is now at level 7!
Unknown command.
Unknown command.
Unknown command.
You hear a shout! x3
The meat berserker hits you with a +9 battleaxe!!!!
Ouch! That really hurt!
You die...

#.. ...# . .###..
...###....
......###.........
......_..........
#.....#.......
#_.<)_#.......
..#.).).#......#
......)_))).......
......###)@O......
.###..o..))###....
#.....o.# ...
#.....o.#
.......O..
...........
.........o.
o.V.......##


You could see a destroyer, 2 meat berserkers and 4 bags of meat.

Vanquished Creatures
  4 ogres (D)
  13 orcs (D)
17 creatures vanquished.

Notes
Turn   | Place    | Note
-------+----------+-------------------------------------------
     0 | D        | Found the +∞ Axe of Woe
     0 | D        | mhtbhm the Minotaur Berserker began the quest for the Orb.
     0 | D        | Reached XP level 1. HP: 19/19 MP: 0/0
     0 | D        | Noticed a bag of meat
     1 | D        | Noticed a bag of meat
     3 | D        | Killed a bag of meat
     3 | D        | Noticed a meat berserker
     3 | D        | Noticed a bag of meat
     3 | D        | Noticed a bag of meat
     3 | D        | Noticed a bag of meat
     4 | D        | Reached skill level 10 in Armour
     4 | D        | Reached skill level 10 in Dodging
     4 | D        | Reached XP level 2. HP: 29/55 MP: 1/1
     4 | D        | Reached XP level 3. HP: 33/62 MP: 2/2
     4 | D        | Reached XP level 4. HP: 37/70 MP: 3/3
     4 | D        | Reached XP level 5. HP: 41/77 MP: 4/4
     4 | D        | Reached XP level 6. HP: 45/85 MP: 5/5
     4 | D        | Reached XP level 7. HP: 49/92 MP: 6/6
     4 | D        | Reached XP level 8. HP: 54/100 MP: 7/7
     4 | D        | Reached XP level 9. HP: 57/107 MP: 8/8
     4 | D        | Reached XP level 10. HP: 62/115 MP: 9/9
     4 | D        | Noticed a bag of meat
     7 | D        | Noticed a bag of meat
     7 | D        | Noticed a bag of meat
     8 | D        | Killed a meat berserker
     8 | D        | Reached ** piety under Trog
     8 | D        | Noticed a bag of meat
     8 | D        | Noticed a meat berserker
     9 | D        | Reached XP level 11. HP: 36/134 MP: 10/10
     9 | D        | Reached XP level 12. HP: 39/143 MP: 11/11
     9 | D        | Killed a bag of meat
     9 | D        | Noticed a meat berserker
    10 | D        | Reached XP level 13. HP: 42/154 MP: 12/12
    10 | D        | Killed a bag of meat
    10 | D        | Noticed a bag of meat
    11 | D        | Killed a bag of meat
    11 | D        | Killed a bag of meat
    11 | D        | Reached *** piety under Trog
    11 | D        | Killed a bag of meat
    11 | D        | Noticed a bag of meat
    11 | D        | Noticed a meat berserker
    12 | D        | Reached skill level 27 in Fighting
    12 | D        | Reached skill level 27 in Axes
    12 | D        | Reached XP level 14. HP: 46/168 MP: 13/13
    12 | D        | Noticed a bag of meat
    13 | D        | Noticed a bag of meat
    14 | D        | Killed a meat berserker
    14 | D        | Killed a bag of meat
    14 | D        | Reached **** piety under Trog
    15 | D        | Reached XP level 15. HP: 49/174 MP: 14/14
    16 | D        | Killed a meat berserker
    16 | D        | Killed a meat berserker
    16 | D        | Reached ***** piety under Trog
    16 | D        | Noticed a meat berserker
    17 | D        | Reached skill level 27 in Armour
    17 | D        | Reached skill level 27 in Dodging
    17 | D        | Reached XP level 16. HP: 43/183 MP: 15/15
    17 | D        | Noticed a meat berserker
    18 | D        | Noticed a destroyer
    19 | D        | Reached skill level 5 in Stealth
    19 | D        | Reached skill level 5 in Evocations
    20 | D        | Annihilated by a meat berserker

Illustrated notes

Levels and vault maps discovered:
D:        meatsprint

Skill      XL: |  1  2  3  4  5  6  7  8  9 10 11 12 13 14 15 16 |
---------------+-------------------------------------------------+-----
Fighting       | 19 23 25 27 | 27.0
Axes           | 19 23 25 27 | 27.0
Armour         | 10 12 13 19 23 27 | 27.0
Dodging        | 10 12 13 19 24 27 | 27.0
Short Blades   | 9 |  9.0
Long Blades    | 9 |  9.8
Maces & Flails | 9 |  9.2
Polearms       | 9 |  9.2
Staves         | 9 |  9.2
Slings         | 8 |  8.4
Bows           | 8 |  8.4
Crossbows      | 8 |  8.4
Throwing       | 7 |  7.7
Stealth        | 7 |  7.0
Shields        | 9 |  9.2
Unarmed Combat | 8 |  8.4
Invocations    | 7 |  7.7
Evocations     | 7 |  7.0

Action                   |  1- 3 |  4- 6 |  7- 9 | 10-12 | 13-15 | 16-18 || total
-------------------------+-------+-------+-------+-------+-------+-------++-------
Melee: Executioner's axe |     1 |       |       |     2 |     4 |     2 ||     9
Dodge: Dodged            |       |       |       |       |     1 |     1 ||     2

Table legend: (Time is in decaauts)
 A = Elapsed time spent in this place.
 B = Non-inter-level travel time spent in this place.
 C = Inter-level travel time spent in this place.
 D = Time resting spent in this place.
 E = Time spent auto-exploring this place.
 F = Levels seen in this place.
 G = Mean time per level.
                   A        B        C        D        E       F      G
               +--------+--------+--------+--------+--------+-----+--------+
         Total |     17 |     17 |      0 |      0 |      0 |   1 |   17.0 |
       Dungeon |     17 |     17 |      0 |      0 |      0 |   1 |   17.0 |
               +--------+--------+--------+--------+--------+-----+--------+

Top non-repeatable levels by time:
       D: 17 daAuts
